 Dungeon Crawl Stone Soup version 0.27-a0-1325-g58a489ad9e (webtiles) character file.

Game seed: 5815003484527733169

4 dinky3 the Sneak (level 1, -1/11 HPs)
             Began as a Spriggan Brigand on June 24, 2021.
             Slain by a quokka (4 damage)
             ... on level 1 of the Dungeon.
             The game lasted 00:00:42 (160 turns).

dinky3 the Sneak (Spriggan Brigand)                  Turns: 160, Time: 00:00:42

Health: -1/11      AC:  3    Str:  7    XL:     1   Next: 58%
Magic:  2/2        EV: 16    Int: 12    God:
Gold:   0          SH:  0    Dex: 16    Spells: 0/0 levels left

rFire    . . .     SeeInvis +   a - +2 dagger
rCold    . . .     Faith    .   (shield restricted)
rNeg     . . .     Spirit   .   b - +0 robe
rPois    .         Reflect  .   (helmet restricted)
rElec    .         Harm     .   c - +0 cloak
rCorr    .         Rampage  .   (gloves unavailable)
Will     .....                  (boots unavailable)
Stlth    +++.......             (no amulet)
HPRegen  0.03/turn              (no ring)
MPRegen  0.08/turn              (no ring)

@: very quick
A: very small, no large weapons, unfitting armour, see invisible, speed 3
a: no special abilities


You were on level 1 of the Dungeon.
You visited 1 branch of the dungeon, and saw 1 of its levels.

Inventory:

Hand Weapons
 a - a +2 dagger (weapon)
Missiles
 d - 2 poisoned darts (quivered)
 e - 2 curare-tipped darts
Armour
 b - a +0 robe (worn)
 c - a +0 cloak (worn)
Scrolls
 f - a scroll of identify {unknown}
 g - a scroll of enchant weapon {unknown}


   Skills:
 + Level 1.7 Fighting
 + Level 2.3 Short Blades
 - Level 2.0 Throwing
 - Level 1.3 Dodging
 + Level 6.0 Stealth


You couldn't memorise any spells.
You didn't know any spells.
Your spell library was empty.

Dungeon Overview and Level Annotations

Branches:
Dungeon (1/15)

Altars:


Innate Abilities, Weirdness & Mutations

You are very small and have problems with some larger weapons.
You are too small for most types of armour.
You have supernaturally acute eyesight. (SInv)
You cover ground extremely quickly. (Speed+++)


Message History

d - 6 poisoned darts (gained 1)
d - 7 poisoned darts (gained 1)
You open the door.
Found a scroll labelled MAOBIM OWAU.
There is an open door here.
f - a scroll labelled MAOBIM OWAU;
g - a scroll labelled EMEERPH REAROFU You open the door.
There is an open door here.
You open the door.
There is an open door here.
A quokka comes into view.
Throw: 7 darts (poison)
Press: ? - help, Q - select action, (/) - cycle Shift-Dir - straight line, f - quokka
Aim: a quokka (asleep, 98% to hit)
You throw a poisoned dart.
The poisoned dart completely misses the quokka.
Throw: 6 darts (poison)
Press: ? - help, Q - select action, (/) - cycle Shift-Dir - straight line, f/p - quokka
Aim: a quokka (asleep, 98% to hit)
You throw a poisoned dart. The poisoned dart hits the quokka.
The quokka is poisoned.
Throw: 5 darts (poison)
Press: ? - help, Q - select action, (/) - cycle Shift-Dir - straight line, f/p - quokka
Aim: a quokka (poisoned, 50% to hit)
You throw a poisoned dart. The poisoned dart hits the quokka.
The quokka looks even sicker.
Throw: 4 darts (poison)
Press: ? - help, Q - select action, (/) - cycle Shift-Dir - straight line, f/p - quokka
Aim: a quokka (moderately wounded, very poisoned, 50% to hit)
You throw a poisoned dart. The poisoned dart hits the quokka.
The quokka is moderately wounded.
Throw: 3 darts (poison)
Press: ? - help, Q - select action, (/) - cycle Shift-Dir - straight line, f/p - quokka
Aim: a quokka (heavily wounded, very poisoned, 50% to hit)
You throw a poisoned dart. The poisoned dart hits the quokka.
The quokka is heavily wounded.
You hit the quokka.
The quokka is almost dead.
The quokka bites you.
You die...

#.#.#......#
#...'......#
#.#.#......# .#
#.#.#......# #.#
#.#.#......# #.#
#.#.#......# #.#
#.#.#####+## #.#
#.#.......# #.# #
#@#.##.#######.###
#
#r#.##...)........
#
#.#.##.#######.###
# #(#.##'#### #.#
# #(#.#.....# #.#
# #(#.#.....# #.#
# (.#.'.....# #.#
# #.###.....# #.#
# #.....# #.#


You could see a quokka (very poisoned).

Vanquished Creatures
  2 endoplasms (D:1)
  A frilled lizard (D:1)
  A kobold (D:1)
  A rat (D:1)
5 creatures vanquished.

Notes
Turn   | Place    | Note
-------+----------+-------------------------------------------
     0 | D:1      | dinky3 the Spriggan Brigand began the quest for the Orb.
     0 | D:1      | Reached XP level 1. HP: 10/10 MP: 2/2
    90 | D:1      | Reached skill level 6 in Stealth
   160 | D:1      | Slain by a quokka

Illustrated notes

Levels and vault maps discovered:
D:1:      scummos_arrival_gate, layout_basic

Skill      XL: |  1 |
---------------+----+-----
Stealth        | 6 |  6.0
Fighting       | |  1.7
Short Blades   | |  2.3
Throwing       | |  2.0
Dodging        | |  1.3

Action                   || total
-------------------------++-------
Melee: Dagger            ||     9
Throw: Dart              ||    10
 Stab: Sleeping          ||     2
Dodge: Dodged            ||     1

Table legend: (Time is in decaauts)
 A = Elapsed time spent in this place.
 B = Non-inter-level travel time spent in this place.
 C = Inter-level travel time spent in this place.
 D = Time resting spent in this place.
 E = Time spent auto-exploring this place.
 F = Levels seen in this place.
 G = Mean time per level.
                   A        B        C        D        E       F      G
               +--------+--------+--------+--------+--------+-----+--------+
         Total |    106 |    106 |      0 |      0 |      0 |   1 |  106.0 |
       Dungeon |    106 |    106 |      0 |      0 |      0 |   1 |  106.0 |
               +--------+--------+--------+--------+--------+-----+--------+

Top non-repeatable levels by time:
     D:1: 106 daAuts
